 Dungeon Crawl Stone Soup version 0.30-a0-779-g7971cf19c3 (webtiles) character file.

Game seed: 14463810636262970827

1040 dolemite99 the Cruncher (level 8, 0/56 HPs)
             Began as a Demonspawn Gladiator on Feb 18, 2023.
             Killed by divine providence
             ... invoked by an orc priest
              (8 damage)
             ... on level 5 of the Dungeon.
             The game lasted 00:08:43 (5830 turns).

dolemite99 the Cruncher (Demonspawn Gladiator)      Turns: 5830, Time: 00:08:44

Health: 0/56       AC:  6    Str: 17    XL:     8   Next: 4%
Magic:  8/8        EV: 14    Int: 10    God:
Gold:   189        SH:  4    Dex: 14    Spells: 7/7 levels left

rFire   . . .      SeeInvis .    a - +3 quarterstaff
rCold   . . .      Faith    .    (shield currently unavailable)
rNeg    . . .      Spirit   .    f - +0 ring mail
rPois   .          Reflect  .    c - +0 helmet
rElec   .          Harm     .    (no cloak)
rCorr   .          Rampage  .    (no gloves)
Will    .....                    (no boots)
Stlth   +                        (no amulet)
HPRegen 0.29/turn                (no ring)
MPRegen 0.11/turn                (no ring)

@: on berserk cooldown, slowed, very slow
A: repulsion field 2, foul stench 1, condensation shield, demonic touch 2
a: no special abilities


You were on level 5 of the Dungeon.
You visited 1 branch of the dungeon, and saw 5 of its levels.

You collected 189 gold pieces.

Inventory:

Hand Weapons
 a - a +3 quarterstaff (weapon)
 s - a +0 trident
 w - a +0 shortbow
 G - a +0 sling
Missiles
 d - 3 throwing nets (quivered)
 e - a javelin
 k - 7 boomerangs
 y - 3 poisoned darts
Armour
 b - a +0 leather armour
 c - a +0 helmet (worn)
 f - a +0 ring mail (worn)
 t - the +2 leather armour "Geahuvits" {*Corrode rF+ Str+5}
   (You found it on level 2 of the Dungeon)

   Str:       It affects your strength (+5).
   rF:        It protects you from fire.
   *Corrode:  It may corrode you when you take damage.
 v - a +0 buckler
 x - an orb of energy
Magical Staves
 l - a staff of earth
 B - a staff of death
Jewellery
 j - a +6 ring of dexterity
 q - a ring of magical power
Scrolls
 h - a scroll of blinking
 u - a scroll of immolation
 z - a scroll of teleportation
 D - a scroll of poison
 F - a scroll of torment {unknown}
Potions
 g - a potion of mutation {unknown}
 i - a potion of ambrosia
 m - a potion of resistance
 n - a potion of lignification {unknown}
 o - a potion of brilliance {unknown}
 p - 2 potions of flight
 r - 2 potions of heal wounds {unknown}
 A - a potion of might {unknown}
 C - a potion of degeneration {unknown}


   Skills:
 - Level 2.0 Fighting
 + Level 9.1 Staves
 - Level 1.7 Throwing
 - Level 2.6 Dodging


You had 7 spell levels left.
You didn't know any spells.
Your spell library contained the following spells:

 Spells                   Type           Power      Damage    Failure   Level
 Conjure Ball Lightning   Conj/Air       0%         3x3d6     100%        6
 Discord                  Hex            0%         N/A       100%        8
 Disjunction              Tloc           0%         N/A       100%        8


Dungeon Overview and Level Annotations

Branches:
Dungeon (5/15)
 Temple: D:4-7

Altars:
Kikubaaqudgha
Yredelemnul

Shops:
D:3 =   D:5 [

Annotations:
D:4 2 transporters, Menkaure


Innate Abilities, Weirdness & Mutations

You are surrounded by a moderate repulsion field. (EV +3)
You may rarely emit foul miasma when damaged in melee.
A meltable shield of frost defends you. (SH +4)
Your touch may inflict irresistible damage on your foes.


Message History

The ogre shouts!
You hear a shout!
The orc priest mumbles some strange prayers to Beogh against you.
Beogh smites you!
You hear two shouts!
A red film seems to cover your vision as you go berserk!
You feel yourself moving faster!
You feel mighty!
You feel a strong urge to attack something.
You block the orc priest's attack.
The orc priest hits you but does no damage.
The ogre hits you with a +0 giant spiked club!!
* * * LOW HITPOINT WARNING * * *
You feel your anger nearly subside.
You thump the ogre!
The ogre is moderately wounded.
The orc priest mumbles some strange prayers to Beogh against you.
You struggle to resist.
You sock the ogre!
The ogre is severely wounded.
The ogre barely misses you.
You barely miss the ogre.
The ogre is severely wounded.
The orc priest hits you but does no damage.
You thump the ogre!
You kill the ogre!
You are no longer berserk.
You are exhausted.
You feel yourself slow down.
Your Staves skill increases to level 9!
You have reached level 8!
You feel stronger.
Your demonic ancestry asserts itself...
Your repulsive radiation grows stronger.
The gnoll shouts!
You hit the orc priest.
The orc priest is lightly wounded.
You hear a shout!
You hear a howl!
You hear a bark!
You block the orc priest's attack.
A gnoll comes into view. It is wielding a +0 halberd.
The orc priest invokes the aid of Beogh against you.
Beogh smites you!
You die...

#.....)...........#
#...))##(....>....#
#...)>##......†...#
#...).##...##.....#
#.<...#######.....#
#...........#.....#
#.....##....#....########
########....#...o##.......
#.....#..@)......#..
#.....#...........#.
#.....#............#
#.....#...........#
#..[..#.......<..#D.
#.....#.............
#.....#.g..........# ...
##....#g..........#. ....
##....#..........#..


You could see an orc priest and 2 gnolls.

Vanquished Creatures
  Grinder (D:3)
  Sigmund (D:3)
  2 ogres (D:5)
  A centaur (D:4)
  A necrophage (D:5)
  A crimson imp (D:4)
  A jelly (D:5)
  An orc priest (D:5)
  Jessica (D:3)
  An orc wizard (D:3)
  8 gnolls
  2 adders
  A white imp (D:4)
  3 worms
  5 dart slugs
  7 orcs
  14 endoplasms
  4 giant cockroaches
  8 goblins
  7 hobgoblins
  4 jackals (D:3)
  6 quokkas
  4 ball pythons
  6 bats
  2 frilled lizards (D:2)
  6 kobolds
  A rat (D:3)
99 creatures vanquished.

Notes
Turn   | Place    | Note
-------+----------+-------------------------------------------
     0 | D:1      | dolemite99 the Demonspawn Gladiator began the quest for the
                  | Orb.
     0 | D:1      | Reached XP level 1. HP: 16/16 MP: 1/1
    29 | D:1      | Reached skill level 3 in Staves
   114 | D:1      | Gained mutation: You may rarely emit foul miasma when
                  | damaged in melee. [demonic ancestry]
   114 | D:1      | Reached XP level 2. HP: 20/22 MP: 2/2
   190 | D:1      | HP: 1/22 [kobold/+0 whip (4)]
  1131 | D:2      | Gained mutation: Your touch may inflict minor irresistible
                  | damage on your foes. [demonic ancestry]
  1131 | D:2      | Reached XP level 3. HP: 24/27 MP: 3/3
  1211 | D:2      | Reached skill level 4 in Staves
  1599 | D:2      | Identified the +2 leather armour "Geahuvits" {*Corrode rF+
                  | Str+5}
  1632 | D:2      | Gained mutation: Your touch may inflict irresistible damage
                  | on your foes. [demonic ancestry]
  1632 | D:2      | Reached XP level 4. HP: 33/33 MP: 4/4
  2721 | D:3      | Noticed Sigmund
  2722 | D:3      | Noticed Grinder
  2735 | D:3      | Killed Sigmund
  2736 | D:3      | Reached skill level 6 in Staves
  2736 | D:3      | Gained mutation: You are surrounded by a mild repulsion
                  | field. (EV +2) [demonic ancestry]
  2736 | D:3      | Reached XP level 5. HP: 35/38 MP: 5/5
  2744 | D:3      | Gained mutation: A meltable shield of frost defends you.
                  | (SH +4) [demonic ancestry]
  2744 | D:3      | Reached XP level 6. HP: 42/44 MP: 6/6
  2785 | D:3      | Killed Grinder
  2786 | D:3      | Reached skill level 7 in Staves
  2953 | D:3      | Noticed Jessica
  2957 | D:3      | Killed Jessica
  3067 | D:3      | Found Emyes's Jewellery Shoppe.
  3085 | D:3      | Reached XP level 7. HP: 50/50 MP: 7/7
  4355 | D:4      | You fall into a shaft and drop 1 floor!
  4355 | D:5      | Entered Level 5 of the Dungeon
  4555 | D:4      | Reached skill level 8 in Staves
  4586 | D:4      | Found an ancient bone altar of Kikubaaqudgha.
  4588 | D:4      | Noticed Menkaure
  4590 | D:4      | Found a basalt altar of Yredelemnul.
  4653 | D:4      | Found a transporter.
  4744 | D:4      | Found a transporter.
  5051 | D:5      | Found Puytsesigy's Armour Boutique.
  5405 | D:5      | Noticed a steam dragon
  5830 | D:5      | Reached skill level 9 in Staves
  5830 | D:5      | Gained mutation: You are surrounded by a moderate repulsion
                  | field. (EV +3) [demonic ancestry]
  5830 | D:5      | Reached XP level 8. HP: 8/56 MP: 8/8
  5830 | D:5      | Killed from afar by an orc priest

Illustrated notes

Levels and vault maps discovered:
D:1:      lemuel_arrival_room, layout_loops_ring
D:2:      layout_loops_corners, minmay_small_reverse_x
D:3:      layout_rooms, serial_shops, shop_statue, uniq_grinder, uniq_sigmund,
          uniq_jessica
D:4:      layout_layer_cave, gammafunk_temple_of_torment, minmay_fire_ice_demons
D:5:      cheibrodos_fzero, layout_gridville, serial_shops,
          nicolae_shop_temple_entry_statues_fountains

Skill      XL: |  1  2  3  4  5  6  7 |
---------------+----------------------+-----
Staves         | 3 4 6 7 9 |  9.1
Fighting       | |  2.0
Throwing       | |  1.7
Dodging        | |  2.6

Action                     |  1- 3 |  4- 6 |  7- 9 || total
---------------------------+-------+-------+-------++-------
  Melee: Quarterstaff      |   122 |    76 |   115 ||   313
    Use: Scroll            |       |    11 |     5 ||    16
         Potion            |       |     2 |     1 ||     3
 Armour: Leather armour    |    14 |       |       ||    14
         Ring mail         |    27 |    28 |    24 ||    79
  Dodge: Dodged            |    88 |    38 |    85 ||   211
  Block: Other             |       |     6 |    33 ||    39

Table legend: (Time is in decaauts)
 A = Elapsed time spent in this place.
 B = Non-inter-level travel time spent in this place.
 C = Inter-level travel time spent in this place.
 D = Time resting spent in this place.
 E = Time spent auto-exploring this place.
 F = Levels seen in this place.
 G = Mean time per level.
                   A        B        C        D        E       F      G
               +--------+--------+--------+--------+--------+-----+--------+
         Total |   5805 |   5665 |    140 |   2103 |   2425 |   5 | 1161.0 |
       Dungeon |   5805 |   5665 |    140 |   2103 |   2425 |   5 | 1161.0 |
               +--------+--------+--------+--------+--------+-----+--------+

Top non-repeatable levels by time:
     D:2: 1662 daAuts
     D:4: 1468 daAuts
     D:3: 1140 daAuts
     D:1: 1017 daAuts
     D:5: 515 daAuts
